 Dungeon Crawl Stone Soup version 0.26.1-11-gd32895ea62 (webtiles) character file.

Game seed: 3063012407760508293

12097 Amplified the Fighter (level 11, -4/93 HPs)
             Began as a Barachi Fighter on Apr 14, 2021.
             Was an Elder of the Shining One.
             Killed by divine providence
             ... invoked by an orc priest
              (20 damage)
             ... on level 2 of the Orcish Mines.
             The game lasted 00:13:51 (10081 turns).

Amplified the Fighter (Barachi Fighter)            Turns: 10081, Time: 00:13:52

Health: -4/93      AC: 12    Str: 22 (23) XL:     11   Next: 88%
Magic:  25/25      EV: 10    Int:  6 (8)  God:    the Shining One [****..]
Gold:   162        SH:  9    Dex: 15 (18) Spells: 10/10 levels left

rFire    . . .     SeeInvis .   I - +2 war axe (freeze)
rCold    . . .     Faith    .   F - +2 buckler "Ciqetie" {Dex+4}
rNeg     + + .     Spirit   .   q - +2 ring mail of a bailey {Rampage MP+9 Dex+2 Stlth+}
rPois    .         Reflect  .   (no helmet)
rElec    .         Harm     +   o - +0 cloak
rCorr    .         Rampage  +   (no gloves)
Will     .....                  w - +1 pair of boots "Woehyasche" {Harm Str+2}
Stlth    +.........             l - amulet of regeneration
HPRegen  0.65/turn              (no ring)
MPRegen  0.19/turn              (no ring)

@: about to teleport, glowing, studying Staves, slow
A: +LOS, swims, slowness 1, strong legs 1
a: Hop, Renounce Religion, Divine Shield, Cleansing Flame


You were on level 2 of the Orcish Mines.
You worshipped the Shining One.
The Shining One was greatly pleased with you.
You visited 2 branches of the dungeon, and saw 12 of its levels.

You collected 770 gold pieces.
You spent 608 gold pieces at shops.

Inventory:

Hand Weapons
 I - a +2 war axe of freezing (weapon)
Missiles
 p - 50 poisoned darts
Armour
 c - a +1 kite shield
 o - a +0 cloak (worn)
 q - the +2 ring mail of a bailey (worn) {Rampage MP+9 Dex+2 Stlth+}
   (You found it on level 4 of the Dungeon)

   It affects your dexterity (+2).
   It affects your magic capacity (+9).
   It bestows one free step when moving towards enemies.
   It makes you more stealthy.
 w - the +1 pair of boots "Woehyasche" (worn) {Harm Str+2}
   (You found it on level 9 of the Dungeon)

   It affects your strength (+2).
   It increases damage dealt and taken.
 D - the +1 leather armour of the Evil One {Dex+7}
   (You found it on level 8 of the Dungeon)

   It affects your dexterity (+7).
 F - the +2 buckler "Ciqetie" (worn) {Dex+4}
   (You found it on level 9 of the Dungeon)

   It affects your dexterity (+4).
Jewellery
 b - an uncursed amulet of the acrobat
 d - an uncursed amulet of magic regeneration
 f - an uncursed amulet of faith
 l - an amulet of regeneration (around neck)
Wands
 s - a wand of acid (18)
 y - a wand of polymorph (12)
Scrolls
 h - a scroll of amnesia
 i - 4 scrolls of teleportation
 j - 5 scrolls of remove curse
 m - 4 scrolls of immolation
 G - 2 scrolls of identify
 H - a scroll of vulnerability
Potions
 e - 6 potions of curing
 g - a potion of resistance
 k - 3 potions of ambrosia
 r - 3 potions of attraction
 t - 2 potions of haste
 v - 2 potions of might
 x - a potion of cancellation
 A - 2 potions of brilliance
 C - a potion of degeneration
Books
 n - a manual of Staves


   Skills:
 * Level 11.0 Fighting
 * Level 10.0 Axes
 + Level 8.5 Armour
 * Level 10.2 Shields
 * Level 7.8 Invocations


You had 10 spell levels left.
You didn't know any spells.
Your spell library contained the following spells:

 Spells                   Type           Power        Failure   Level
 Beastly Appendage        Tmut           0%           58%         1
 Wereblood                Tmut           0%           73%         2
 Spider Form              Tmut/Pois      0%           91%         3
 Ice Form                 Ice/Tmut       0%           100%        4
 Blade Hands              Tmut           0%           100%        5


Dungeon Overview and Level Annotations

Branches:
Dungeon (10/15)            Temple (0/1) D:5            Lair (0/6) D:9
    Orc (2/2) D:9             Elf (0/3) Orc:2

Altars:
Dithmenos
Gozag
Hepliaklqana
Kikubaaqudgha
Nemelex Xobeh
Okawaru
Ru
Sif Muna
Trog
Wu Jian
Xom
Yredelemnul
The Shining One
Beogh

Shops:
Orc:1 *   Orc:2 !

Annotations:
D:7 2 transporters, lasso's ghost, novice OpSu
D:10 Fannar; Nergalle


Innate Abilities, Weirdness & Mutations

You can be seen from farther away. (+LOS)
You can swim through water.
You cover ground slowly.
You can hop short distances.


Message History

The weapon returns to the orc warrior!
The orc high priest hits you with a +0 dire flail.
Items here: )) [ †.
The orc priest invokes the aid of Beogh against you.
Beogh smites you!
* * * LOW HITPOINT WARNING * * *
The orc warrior throws a boomerang.
You block the boomerang.
The weapon returns to the orc warrior!
The orc high priest starts to sing a prayer.
You hear a shout!
Things that are here:
a +0 giant club; an ogre corpse
Okay, then.
As you read the scroll of teleportation, it crumbles to dust.
You feel strangely unstable.
The orc high priest hits you with a +0 dire flail.
* * * LOW HITPOINT WARNING * * *
The orc priest calls down the wrath of Beogh upon you.
Beogh smites you!
You die...

#..#..#,,*,,,,,*,,*,,*,,
#..#....#**,,,***,,,,*,,
#..#.....#,,,,,*,,,,,*,,
#..#......,*,*,,,,,,,*,,
#..#,,....*****,,,,,,*,,
#.)##,,...,,,,,,,,,,**,,
#...##,,,,,,,,,,,,,**,,,
##...###############..,,
##.)).@oo..oooo......,,
###.###)###oo.......,*
### ###,#.........,,
**,,..........,,
*,,...........,,
**............,,
*###.##.......,,
**,*##*,....o..,,
*,,,***,.......,,


You could see an orc high priest, 2 orc warriors, 2 orc priests and 3 orcs.

Vanquished Creatures
  A two-headed ogre (D:9)
  An unseen horror (D:9)
  Pikel (D:5)
  5 orc sorcerers (Orc:2)
  3 trolls (Orc:2)
  A slime creature (D:7)
  4 yaks (D:10)
  2 basilisks (D:9)
  A wyvern (D:9)
  2 wargs
  3 water moccasins
  3 sky beasts
  12 orc warriors
  8 black bears
  An ice beast (D:7)
  2 phantoms
  A necrophage (D:9)
  9 ogres
  6 centaurs
  A big kobold (D:8)
  2 bullfrogs (D:10)
  2 wyvern skeletons
  4 scorpions
  2 killer bees (Orc:2)
  An electric eel (D:9)
  2 bullfrog zombies
  A centaur zombie (D:8)
  6 hounds
  13 orc priests
  2 jellies
  2 bullfrog skeletons
  Terence (D:3)
  3 iguanas
  20 orc wizards
  4 worker ants
  11 gnolls
  10 adders
  2 shadow imps
  4 white imps
  An ufetubus (D:5)
  2 oozes (D:1)
  2 adder skeletons
  An adder zombie (D:5)
  A dart slug (D:2)
  4 worms
  4 leopard geckos
  57 orcs
  2 ball pythons (D:5)
  5 bats
  6 giant cockroaches
  10 goblins
  14 hobgoblins
  7 jackals
  4 quokkas
  5 frilled lizards
  14 kobolds
  8 rats
  A spectral orc (D:5)
307 creatures vanquished.

Vanquished Creatures (others)
  7 fungi
  12 plants (D:9)
  5 toadstools (D:6)
24 creatures vanquished.

Grand Total: 331 creatures vanquished

Notes
Turn   | Place    | Note
-------+----------+-------------------------------------------
     0 | D:1      | Amplified the Barachi Fighter began the quest for the Orb.
     0 | D:1      | Reached XP level 1. HP: 18/18 MP: 1/1
   177 | D:1      | Reached XP level 2. HP: 25/25 MP: 2/2
   390 | D:1      | Reached skill level 4 in Fighting
   734 | D:1      | Reached XP level 3. HP: 30/30 MP: 3/3
  1503 | D:2      | Reached XP level 4. HP: 28/38 MP: 4/4
  1766 | D:2      | Found a glowing golden altar of the Shining One.
  1798 | D:2      | Found a shimmering altar of Xom.
  1822 | D:2      | Found an opulent altar of Gozag.
  1832 | D:2      | Found a hazy altar of Hepliaklqana.
  1846 | D:2      | Became a worshipper of the Shining One
  2300 | D:3      | Noticed Terence
  2315 | D:3      | Killed Terence
  2316 | D:3      | Reached XP level 5. HP: 27/43 MP: 5/5
  2437 | D:3      | Reached skill level 1 in Invocations
  3054 | D:4      | Reached skill level 5 in Fighting
  3054 | D:4      | Reached XP level 6. HP: 25/51 MP: 7/7
  3520 | D:4      | Got an ichor-stained ring mail
  3531 | D:4      | Identified the +2 ring mail of a bailey {Rampage MP+9 Dex+2
                  | Stlth+} (You found it on level 4 of the Dungeon)
  3625 | D:4      | Found a shadowy altar of Dithmenos.
  4056 | D:4      | Reached * piety under the Shining One
  4057 | D:4      | Reached skill level 5 in Shields
  4133 | D:4      | Reached XP level 7. HP: 56/56 MP: 8/8
  4250 | D:5      | Entered Level 5 of the Dungeon
  4333 | D:5      | Noticed Pikel
  4359 | D:5      | Killed Pikel
  4360 | D:5      | Reached skill level 6 in Fighting
  4360 | D:5      | Reached skill level 5 in Axes
  4360 | D:5      | Reached skill level 5 in Armour
  4360 | D:5      | Reached XP level 8. HP: 15/65 MP: 10/10
  4575 | D:5      | Found a staircase to the Ecumenical Temple.
  4644 | D:5      | Reached skill level 7 in Fighting
  4820 | D:5      | Found a sacrificial altar of Ru.
  4859 | D:5      | Found a basalt altar of Yredelemnul.
  5073 | D:6      | Found an iron altar of Okawaru.
  5079 | D:6      | Reached ** piety under the Shining One
  5094 | D:6      | Found an ancient bone altar of Kikubaaqudgha.
  5095 | D:6      | Found an ornate altar of the Wu Jian Council.
  5140 | D:6      | Reached XP level 9. HP: 72/72 MP: 12/12
  5902 | D:6      | Reached skill level 8 in Fighting
  5999 | D:7      | Reached skill level 5 in Invocations
  6292 | D:7      | Found a transporter.
  6303 | D:7      | Found a transporter.
  6309 | D:7      | Noticed lasso's ghost (novice OpSu)
  6310 | D:7      | Found a bloodstained altar of Trog.
  6311 | D:7      | Noticed a moth of wrath
  6319 | D:7      | Noticed a troll
  6472 | D:7      | Found a shimmering blue altar of Sif Muna.
  6995 | D:8      | Got an ichor-stained leather armour
  7037 | D:8      | Reached XP level 10. HP: 82/82 MP: 14/14
  7195 | D:8      | Reached skill level 9 in Fighting
  7244 | D:8      | Found a sparkling altar of Nemelex Xobeh.
  7656 | D:8      | Identified the +1 leather armour of the Evil One {Dex+7}
                  | (You found it on level 8 of the Dungeon)
  7667 | D:9      | Found a staircase to the Lair.
  7668 | D:9      | Reached *** piety under the Shining One
  8144 | D:9      | Found a staircase to the Orcish Mines.
  8314 | D:9      | Got a jewelled buckler
  8326 | D:9      | Identified the +2 buckler "Ciqetie" {Dex+4} (You found it
                  | on level 9 of the Dungeon)
  8483 | D:9      | Noticed a two-headed ogre
  8496 | D:9      | Killed a two-headed ogre
  8736 | D:9      | Got a pair of fading boots
  8742 | D:9      | Identified the +1 pair of boots "Woehyasche" {Harm Str+2}
                  | (You found it on level 9 of the Dungeon)
  8812 | D:10     | Entered Level 10 of the Dungeon
  8813 | D:10     | Noticed an unseen horror
  8816 | D:10     | Reached XP level 11. HP: 89/90 MP: 16/16
  8842 | D:10     | Reached skill level 10 in Fighting
  8885 | D:10     | Found a sacrificial altar of Ru.
  9124 | D:10     | Noticed Fannar
  9126 | D:10     | Noticed Nergalle
  9208 | D:9      | Killed an unseen horror
  9301 | Orc:1    | Entered Level 1 of the Orcish Mines
  9301 | Orc:1    | Noticed an orc sorcerer
  9305 | Orc:2    | Entered Level 2 of the Orcish Mines
  9394 | Orc:2    | Found Xyekot's Distillery.
  9461 | Orc:2    | Noticed an orc sorcerer
  9472 | Orc:2    | Paralysed by an orc sorcerer for 3 turns
  9475 | Orc:2    | Noticed a soul eater
  9478 | Orc:2    | Killed an orc sorcerer
  9496 | Orc:1    | Found Ecompuar's Assorted Antiques.
  9503 | Orc:2    | Noticed an orc sorcerer
  9524 | Orc:2    | Bought 2 potions of heal wounds for 160 gold pieces
  9524 | Orc:2    | Bought a potion of curing for 48 gold pieces
  9524 | Orc:2    | Bought a potion of curing for 48 gold pieces
  9524 | Orc:2    | Bought a potion of haste for 160 gold pieces
  9524 | Orc:2    | Bought a potion of might for 64 gold pieces
  9524 | Orc:2    | Bought a potion of might for 64 gold pieces
  9524 | Orc:2    | Bought a potion of brilliance for 64 gold pieces
  9525 | Orc:2    | Found a roughly hewn altar of Beogh.
  9579 | Orc:2    | Paralysed by an orc sorcerer for 5 turns
  9585 | Orc:2    | Killed an orc sorcerer
  9673 | Orc:2    | Reached **** piety under the Shining One
  9691 | Orc:2    | Noticed an orc sorcerer
  9709 | Orc:2    | Noticed a sixfirhy
  9710 | Orc:2    | Killed an orc sorcerer
  9711 | Orc:2    | Reached skill level 10 in Shields
  9961 | Orc:2    | Noticed an orc high priest
 10028 | Orc:2    | Noticed an orc sorcerer
 10049 | Orc:2    | Killed an orc sorcerer
 10058 | Orc:2    | Noticed an orc sorcerer
 10071 | Orc:2    | Paralysed by an orc sorcerer for 6 turns
 10077 | Orc:2    | Killed an orc sorcerer
 10078 | Orc:2    | Reached skill level 11 in Fighting
 10078 | Orc:2    | Reached skill level 10 in Axes
 10081 | Orc:2    | Killed from afar by an orc priest

Illustrated notes

Levels and vault maps discovered:
D:1:      matt_arrival_diagonals, layout_basic
D:2:      layout_basic, nicolae_overflow_quartered_altars, minivault_25,
          minivault_4
D:3:      layout_rooms, kennysheep_generic_room_5, uniq_terence
D:4:      layout_basic, lemuel_round_altar
D:5:      layout_basic, yredelemnul_forgotten_temple_becter,
          minmay_temple_entry_glassed_door, basic_altar, minmay_manual_mail,
          uniq_pikel
D:6:      layout_basic, chequers_temple_overflow_statue_of_worship,
          minmay_gold_behind_fungi, okawaru_trees_1
D:7:      layout_loops_ring, led_sif_pool, gammafunk_ghost_wrathful_warriors,
          st_stairs_14, minmay_chambers_of_fives
D:8:      layout_loops_ring, nemelex_xobeh_ov_fountains_minmay
D:9:      layout_basic, minmay_lair_entry_grove, david_orc_3
D:10:     layout_rooms, palyth_stone_intersect, hangedman_ru_absence,
          uniq_fannar, uniq_nergalle
Orc:1:    layout_caves, basic_altar, serial_shops, shop, shop,
          nicolae_shop_behind_doors, special_room [special_room_bee]
Orc:2:    st_orc_mages, layout_caves, serial_shops, shop_fountains,
          nicolae_orc_stony_grotto, mines2_david

Skill      XL: |  1  2  3  4  5  6  7  8  9 10 11 |
---------------+----------------------------------+-----
Fighting       | 4 5 6 7 8 9 11 | 11.0
Axes           | 3 4 5 6 7 8 10 | 10.0
Armour         | 4 5 6 7 8 |  8.5
Shields        | 4 5 6 7 9 10 | 10.2
Invocations    | 1 2 3 4 5 6 7 |  7.8

Action                   |  1- 3 |  4- 6 |  7- 9 | 10-12 || total
-------------------------+-------+-------+-------+-------++-------
Melee: War axe           |   103 |   193 |   249 |   389 ||   934
Invok: Divine Shield     |       |       |       |     4 ||     4
 Abil: Hop               |       |     1 |     3 |     2 ||     6
Evoke: Wand              |       |     1 |     5 |     8 ||    14
  Use: Scroll            |       |    10 |     9 |    10 ||    29
       Potion            |       |     4 |     3 |     8 ||    15
Armor: Scale mail        |    39 |    75 |       |       ||   114
       Ring mail         |       |    14 |    79 |   153 ||   246
       Skin              |       |       |       |     8 ||     8
Dodge: Dodged            |    29 |    50 |    66 |   119 ||   264
Block: Kite shield       |    61 |    95 |   154 |   181 ||   491
       Buckler           |       |       |       |    93 ||    93
